[Event "FRA-ch Teams Top 16-B 2022"]
[Site "Chartres"]
[Date "2022.06.10"]
[Round "2.16"]
[White "Monpeurt, Cyrielle"]
[Black "Afraoui, Anaelle"]
[Result "1/2-1/2"]
[ECO "B56"]
[WhiteElo "2172"]
[BlackElo "2115"]
[Annotator "TA"]
[PlyCount "115"]
[EventDate "2022.06.09"]
[EventType "team-tourn"]
[EventCountry "FRA"]
[SourceTitle "playchess.com"]
[Source "ChessBase"]
[SourceQuality "1"]
[TimeControl "40/5400+30:1800+30"]

1. e4 {[%emt 0:00:03] Petursson,M} c5 2. Nf3 Nc6 3. d4 cxd4 4. Nxd4 Nf6 5. Nc3 d6 6. Be3 Ng4 7. Bb5 Nxe3 8. fxe3 Bd7 9. O-O e6 10. Bxc6 bxc6 11. Qf3 Qf6 12. Qe2 Qg5 13. Rf3 {[%emt 0:00:59] B56: Classical Sicilian: Unusual Lines.} (13. Qf3 $5 Qg6 14. Nce2 $11) 13... Be7 14. Rg3 Qh6 15. Rh3 Qg6 ({Black should play} 15... Qg5 $11) 16. Rg3 (16. Qa6 $1 $14) 16... Qh6 $11 17. Qa6 O-O 18. Qb7 Rfd8 19. Nxc6 Bxc6 20. Qxc6 Bf6 21. Rf1 {[%emt 0:13:36] [#]} Rac8 $146 (21... Be5 $5 22. Rh3 Qg6 $11) ({Predecessor:} 21... Be5 22. Rh3 Qg6 23. Ne2 Rac8 24. Qa4 d5 25. exd5 Rxc2 26. Rf2 Qd3 27. Qxa7 Bf6 28. Ng3 Rxf2 29. Kxf2 Qxd5 {0-1 (65) Hector,J (2540)-Petursson,M (2535) Reykjavik 1995 CBM 047 [Petursson,M]}) 22. Qb7 Rb8 23. Qxa7 {[%emt 0:00:33][%cal Oe4e5] e5! is the strong threat.} Rxb2 $2 (23... Ra8 $11 24. Qc7 Rac8) 24. e5 $1 $18 {[%emt 0:06:36] And now Rxf6 would win.} dxe5 25. Ne4 Kh8 26. Qxf7 Rbb8 27. Nxf6 (27. Rh3 $142 Bh4 28. Nd6 $1 ) 27... Rf8 {[%emt 0:09:53] [#]} 28. Qxe6 gxf6 (28... Rxf6 29. Qxe5) 29. Rgf3 Rbe8 30. Qf5 Ra8 31. a4 Ra6 32. Rd1 {[%emt 0:04:13] Threatens to win with Rh3.} Rxa4 33. Rh3 Rh4 {[%emt 0:04:21] [#]} 34. Rxh4 Qxh4 {[%emt 0:00:04][%mdl 4096] Endgame KQR-KQR} 35. h3 Qg3 36. e4 Rf7 (36... Qe3+ $16 37. Kh2 Qg5) 37. Rd8+ (37. c4 $18) 37... Kg7 $16 38. Rd7 (38. Rd3 $16 Qg6 39. Qe6) 38... Qe3+ 39. Kh2 {[%emt 0:00:12] White is more active.} Rxd7 40. Qxd7+ {[%emt 0:00:07] KQ-KQ} Kh6 41. Qf5 Kg7 42. Qf3 (42. h4 $16) 42... Qc1 $14 43. Qd3 Kh6 (43... Kf8 $14) 44. c4 (44. h4 $16) 44... Qf4+ $1 45. Kg1 Qc1+ 46. Kf2 {[%emt 0:00:00] White threatens Qe3+ and mate.} (46. Qf1 $5 Qe3+ 47. Qf2 Qc1+ 48. Kh2 $16) 46... Qf4+ (46... Kg6 $11) 47. Ke2 $18 Qh2 $2 (47... Kg7 48. Qe3 Qh4) 48. Qf3 $2 (48. Qe3+ Kg7 49. Kf2) 48... Kg6 49. c5 Qg1 50. c6 {[%emt 0:00:00] Threatening mate with c7.} Qc5 51. Qf5+ Kg7 52. Qd7+ Kg6 {[%emt 0:01:07] [#]} 53. c7 $2 ({Better is} 53. Kd1 $1 $18 {Intending c7 and mate.} Qb5 54. h4) 53... Qc2+ $11 {[%emt 0:03:29] The position is equal.} 54. Ke3 Qc3+ 55. Kf2 Qc5+ 56. Ke2 Qc2+ 57. Kf3 Qc3+ 58. Ke2 {[%emt 0:01:19] White really could win this.  Weighted Error Value: White=0.32/Black=0.41} 1/2-1/2

[Event "FRA-ch Teams Top 16-B 2022"]
[Site "Chartres"]
[Date "2022.06.10"]
[Round "2.17"]
[White "Duboue, Peio"]
[Black "Erigaisi Arjun"]
[Result "1/2-1/2"]
[ECO "C01"]
[WhiteElo "2426"]
[BlackElo "2675"]
[Annotator "TA"]
[PlyCount "70"]
[EventDate "2022.06.09"]
[EventType "team-tourn"]
[EventCountry "FRA"]
[SourceTitle "playchess.com"]
[Source "ChessBase"]
[SourceQuality "1"]
[TimeControl "40/5400+30:1800+30"]

1. e4 e6 2. d4 d5 3. exd5 exd5 4. Nf3 Bd6 5. Bd3 Bg4 6. O-O Ne7 7. Re1 Nbc6 8. c3 Qd7 9. a4 {[%emt 0:03:23][%cal Ba2a4,Ba4a5,Ba5a6][%mdl 32] C01: French: Exchange Variation.} O-O-O 10. b4 Rde8 11. a5 {[%emt 0:12:08] White is slightly better.} Ng6 {[%emt 0:03:14] [#] Hoping for ...Bxf3.} 12. Be3 {[%emt 0:01:39] [#]} Nd8 $146 ({Predecessor:} 12... Nf4 13. b5 Nxd3 14. bxc6 Qf5 15. cxb7+ Kb8 16. Nbd2 Nxe1 17. Qxe1 Qd3 18. Qc1 Rxe3 19. fxe3 Qxe3+ {0-1 (46) Lopez Reboso,H (2029)-Fernandez Manrique,A (2156) Tenerife 2006}) 13. h3 Bh5 14. Na3 f5 15. a6 b6 16. Bb5 $2 (16. Nb5 $14 {keeps the upper hand.}) 16... c6 $36 {[%emt 0:00:27][%mdl 2048] Black is really pushing.} 17. Be2 {[%emt 0:00:06] [#]} f4 $1 18. Bd2 Re4 19. Nh2 $1 Bxe2 20. Rxe2 Rhe8 21. Re1 Nf7 (21... Qf5 $15) 22. Qh5 (22. c4 $1 $11) 22... Nf8 (22... Rxe1+ $6 23. Rxe1 Rxe1+ 24. Bxe1 $11) (22... Nh6 $15) 23. Rxe4 dxe4 24. c4 ({Better is} 24. d5 $11 Re5 25. dxc6 Rxh5 26. cxd7+ Nxd7 27. c4) 24... g6 (24... e3 {with more complications.} 25. Be1 exf2+ 26. Bxf2 Bxb4 27. Nc2 Bd6) 25. Qg4 Qxg4 26. Nxg4 h5 $1 27. Nh2 g5 28. c5 bxc5 29. dxc5 Bb8 30. Re1 $1 Ng6 31. Bc3 Re6 (31... e3 $11 {should be considered.}) 32. Nf3 {[%emt 0:01:15] Nd4 is the strong threat.} Re7 (32... e3 $1 $11 {keeps the balance.}) 33. Bf6 {[%emt 0:01:41] White is more active.} (33. Nd4 $5 Nfe5 34. b5 $16 (34. Rxe4 Nd3 $14)) 33... Re6 34. Bc3 ({Inferior is} 34. Nxg5 Rxf6 35. Nxe4 Re6 $17) 34... Re7 35. Bf6 (35. Nd4 $5 Nfe5 36. b5 $16 (36. Rxe4 Nd3 $14)) 35... Re6 {[%emt 0:00:52] Weighted Error Value: White=0.27 (precise) /Black=0.17 (very precise)} 1/2-1/2

[Event "FRA-ch Teams Top 16-B 2022"]
[Site "Chartres"]
[Date "2022.06.10"]
[Round "2.18"]
[White "Nihal Sarin"]
[Black "Di Nicolantonio, Lucas"]
[Result "1-0"]
[ECO "B12"]
[WhiteElo "2646"]
[BlackElo "2399"]
[Annotator "TA"]
[PlyCount "101"]
[EventDate "2022.06.09"]
[EventType "team-tourn"]
[EventCountry "FRA"]
[SourceTitle "playchess.com"]
[Source "ChessBase"]
[SourceQuality "1"]
[TimeControl "40/5400+30:1800+30"]

1. e4 c6 2. d4 d5 3. e5 c5 4. Nf3 cxd4 5. Nxd4 Nc6 6. Nxc6 $1 {[%emt 0:00:09] B12: Caro-Kann: Advance Variation.} bxc6 7. Bd3 e6 8. O-O {[%emt 0:10:08] The position is equal.} Ne7 9. Re1 Ng6 10. Nd2 Be7 {[%emt 0:03:48] [#]} 11. g3 $146 ({Predecessor:} 11. Qg4 a5 12. Nf3 Ba6 13. Bxg6 hxg6 14. Bg5 Rb8 15. b3 Rb4 16. Qg3 c5 17. c3 {½-½ (57) Karthikeyan,M (2630)-Harsha,B (2489) Castelldefels 2021}) 11... a5 12. c3 Ba6 13. Bc2 O-O 14. Nf3 c5 15. h4 d4 {[%emt 0:21:00] [#]} (15... Re8 $1 $14) 16. Be4 $1 $16 dxc3 {[%emt 0:02:22][%cal Of7f5] [#]} 17. h5 $1 (17. bxc3 Qxd1 18. Rxd1 Rad8 $14) (17. Bxa8 $6 Qxa8 18. Re3 (18. bxc3 Rd8 $11) 18... Rd8 $11) 17... Qxd1 18. Rxd1 cxb2 19. Bxb2 Rab8 20. Bc3 (20. hxg6 $16 Rxb2 21. Rd7) 20... Nh8 $1 $14 21. Rd7 $36 {[%emt 0:01:14][%mdl 2048] Prevents Bb7. White has the initiative.} Rfe8 {[%emt 0:01:10] Black is now going downhill.} 22. a4 {[%emt 0:08:46] 0x0.001e62def0badp-1022s more active pieces.} f5 (22... Bd8 $142) 23. exf6 $1 $16 gxf6 (23... Bxf6 $16 {is a better defense.} 24. Bxf6 gxf6) 24. Ra7 $18 (24. Bxa5 $6 f5 $16) 24... Bc4 25. Bc6 (25. Bxa5 $6 Bd5 26. Bxd5 exd5 $16) 25... Rec8 26. Nd2 (26. Rxe7 Rxc6 27. Bxf6 Nf7 $18) 26... Rxc6 27. Nxc4 (27. Rxe7 $6 Bd5 $16) 27... Kf8 28. Rd1 ({Don't take} 28. Nxa5 $6 Rcc8 29. Nc4 Nf7 $16) (28. Bxa5 $6 Nf7 29. Re1 Rbc8 $16) 28... Rd8 (28... e5 $142 29. Rdd7 (29. Nxa5 Re6 $18) 29... Re6) 29. Rxd8+ {[%emt 0:02:01] White is clearly winning.} Bxd8 30. Ra8 Ke7 {[%emt 0:00:58] [#]} 31. Rxd8 $1 {[%emt 0:01:35][%mdl 576] Deflection, Decoy} Kxd8 32. Bxf6+ Kc7 33. Bxh8 {[%emt 0:00:05][%mdl 4096] Endgame} Ra6 34. Kf1 Kc6 35. Ke2 Kd5 (35... Ra8 $142) 36. Kd3 Ra7 37. Bc3 Rf7 38. f4 Rb7 39. Nxa5 Rb1 40. Nc4 Rd1+ 41. Bd2 {[%emt 0:30:16] White threatens Ne3+ and mate.} Rh1 42. g4 Rh4 43. Bc3 Rh1 44. Ne3+ Kd6 45. Bg7 Kc6 46. h6 Rg1 47. g5 Rg3 48. Ke4 Rg1 49. Nc4 {[%emt 0:00:00][%cal Og5g6] aiming for g6!} Re1+ 50. Kf3 Rh1 51. Ne5+ {[%emt 0:00:00] Weighted Error Value: White=0.07 (flawless) /Black=0.33} 1-0

[Event "FRA-ch Teams Top 16-B 2022"]
[Site "Chartres"]
[Date "2022.06.10"]
[Round "2.19"]
[White "Eugene, Floryan"]
[Black "Rakotomaharo, Fy Antenaina"]
[Result "0-1"]
[ECO "C51"]
[WhiteElo "2370"]
[BlackElo "2467"]
[Annotator "TA"]
[PlyCount "112"]
[EventDate "2022.06.09"]
[EventType "team-tourn"]
[EventCountry "FRA"]
[SourceTitle "playchess.com"]
[Source "ChessBase"]
[SourceQuality "1"]
[TimeControl "40/5400+30:1800+30"]

1. e4 e5 2. Nf3 Nc6 3. Bc4 Bc5 4. b4 Bxb4 5. c3 Be7 6. d4 Na5 7. Bd3 d6 {[%emt 0:01:16] C51: Evans Gambit: Declined and Accepted without 5...Ba5.} 8. dxe5 dxe5 9. Nxe5 Nf6 {[%emt 0:00:07] The position is equal.} 10. O-O O-O 11. Qc2 Qd6 12. Nf3 Nd7 {[%emt 0:01:30] [#] Prevents e5.} 13. Be3 $146 ({Predecessor:} 13. Rd1 Ne5 14. Nxe5 Qxe5 15. f4 Bc5+ 16. Kh1 Qh5 17. Rf1 Bg4 18. e5 Rfd8 19. Ba3 {0-1 (41) Carbonell Sancho,M (2215)-Rakotomaharo,F (2475) Alicante 2022}) 13... Nc5 14. Bxc5 (14. Be2 {is more complex.} Qg6 15. Nbd2 Bh3 16. Ne1) 14... Qxc5 15. Nbd2 Nc6 {[%emt 0:04:25] Prevents e5.} 16. Nb3 Qh5 17. Nbd4 Nxd4 18. cxd4 c6 19. Be2 f6 20. Ne1 Qg6 21. Bc4+ Kh8 22. f4 f5 23. e5 Be6 24. Rf3 Rad8 25. Rd1 Bd5 26. Bxd5 Rxd5 27. Rb3 b6 28. Rc3 c5 29. dxc5 Bxc5+ 30. Kh1 Rxd1 31. Qxd1 Qe6 32. a3 h6 33. Rd3 (33. h3 $11 {remains equal.}) 33... Qc4 $40 {[%emt 0:00:13][%mdl 128] White is in trouble.} 34. Qf3 Qc1 35. Rd1 Qxa3 36. Qxa3 Bxa3 {[%emt 0:00:05][%mdl 4096] Endgame KRB-KRN} 37. Ra1 Bb4 {[%emt 0:04:46] White must now prevent ...Bc3. Black is more active.} 38. Nd3 Bc3 39. Rc1 ({Wrong is} 39. Rxa7 $2 Rd8 40. g4 (40. Nf2 $2 Rd2 $19) 40... Rxd3 $19) (39. Ra3 $142 Ba5 40. h3) 39... Bd4 40. g3 (40. h3 $17) 40... a5 $19 41. Rc6 Rd8 42. e6 (42. Kg2 $142) 42... Kg8 43. e7 {[%emt 0:07:08] [#]} Re8 (43... Ra8 $1 $19 {Threatens to win with ...Kf7.} 44. Rd6 Bf6 45. Rxb6 Bxe7) 44. Rd6 $17 Bf6 45. Rxb6 Rxe7 46. Ra6 {[%emt 0:04:53] Against Ra7} Bc3 47. Rc6 {[%emt 0:03:09] Rc8+ is the strong threat.} Bd4 48. Rd6 {[%emt 0:00:21] [#]} Re4 (48... Be3 $1 $19 {and Black stays clearly on top. Strongly threatening ...a4.} 49. Rd8+ Kh7) 49. Rd5 a4 50. Ra5 Re3 51. Ne5 {[%emt 0:00:27][%mdl 8192] This move loses the game for White.} (51. Nb4 $17) 51... a3 $19 52. Nc4 $2 (52. Ra4) 52... Re1+ {[%emt 0:00:04] Black is clearly winning.} 53. Kg2 Re2+ 54. Kf1 Rf2+ 55. Ke1 a2 {[%emt 0:00:04] Hoping for ...Bc3+.} 56. Nd2 {[%emt 0:00:14] [#]} Rxd2 $1 {[%emt 0:00:08][%mdl 512] Weighted Error Value: White=0.44/Black=0.10 (very precise)} 0-1

[Event "FRA-ch Teams Top 16-B 2022"]
[Site "Chartres"]
[Date "2022.06.10"]
[Round "2.20"]
[White "Burri, Quentin"]
[Black "Hutois, Mickael"]
[Result "1/2-1/2"]
[ECO "E20"]
[WhiteElo "2401"]
[BlackElo "2238"]
[Annotator "TA"]
[PlyCount "87"]
[EventDate "2022.06.09"]
[EventType "team-tourn"]
[EventCountry "FRA"]
[SourceTitle "playchess.com"]
[Source "ChessBase"]
[SourceQuality "1"]
[TimeControl "40/5400+30:1800+30"]

1. d4 Nf6 2. c4 e6 3. Nc3 Bb4 4. Bd2 c5 5. dxc5 O-O 6. Nf3 {[%emt 0:00:18] E20: Nimzo-Indian: 4 g3 and 4 f3.} Bxc5 7. g3 b6 8. Bg2 {[%emt 0:02:00][%cal Of3d4] White has an edge.} Bb7 9. O-O Nc6 10. Bf4 Rc8 11. Rc1 Na5 {[%emt 0:08:30] [#]} 12. b3 $146 ({Predecessor:} 12. Nb5 d5 13. Ne5 a6 14. Na3 Qe7 15. cxd5 Nxd5 16. Nc2 Rfd8 17. Qe1 Bd6 18. Nd3 {0-1 (40) Saeed,I (2409)-Jumabayev,R (2658) Dubai 2021}) 12... d5 13. cxd5 Nxd5 14. Nxd5 Bxd5 15. Ne5 Bxg2 16. Kxg2 Qe7 17. Qd7 {[%emt 0:00:00][%cal Ob3b4] Threatens to win with b4!} f6 {[%emt 0:07:44] [#]} (17... Qe8 $11) 18. Rxc5 $1 $14 Qxd7 ({Less strong is} 18... Qxc5 19. Qxe6+ Kh8 20. Nf7+ Rxf7 21. Qxf7 Qc6+ 22. Kg1 $16) 19. Nxd7 bxc5 20. Nxf8 Kxf8 {[%emt 0:00:04][%mdl 4096] Endgame KRB-KRN} 21. Rc1 Ke7 22. e4 Nb7 23. Be3 Kd6 24. h4 a5 25. Rc4 Kc6 26. g4 Kb5 (26... e5 $11 {remains equal.}) 27. e5 $16 Kc6 {[%emt 0:00:22] [#]} 28. exf6 $1 {[%emt 0:00:00] White is more active.} gxf6 29. g5 (29. Rf4 $16) 29... fxg5 $14 30. hxg5 Kd5 31. Kf3 Nd6 32. Ra4 Ra8 33. Ke2 (33. Bd2 $14 {deserves consideration.}) 33... Nf5 $11 34. Kd3 e5 35. f4 Nd4 36. fxe5 Nc6 37. e6 $1 Re8 38. Bd2 (38. Rh4 $16) 38... Rxe6 39. Bxa5 (39. Rh4 $5 ) 39... Ne5+ {[%emt 0:01:08] The position is equal.} 40. Kc2 Nf3 41. Rf4 Nxg5 42. Kd3 Ne4 43. Rf5+ Re5 44. Rxe5+ {[%emt 0:00:00] Weighted Error Value: White=0.09 (flawless) /Black=0.09 (flawless)} 1/2-1/2

[Event "FRA-ch Teams Top 16-B 2022"]
[Site "Chartres"]
[Date "2022.06.10"]
[Round "2.21"]
[White "Real, Thibault"]
[Black "Terrieux, Kevin"]
[Result "0-1"]
[ECO "C14"]
[WhiteElo "2262"]
[BlackElo "2448"]
[Annotator "TA"]
[PlyCount "140"]
[EventDate "2022.06.09"]
[EventType "team-tourn"]
[EventCountry "FRA"]
[SourceTitle "playchess.com"]
[Source "ChessBase"]
[SourceQuality "1"]
[TimeControl "40/5400+30:1800+30"]

1. e4 e6 2. d4 d5 3. Nc3 Nf6 4. Bg5 Be7 5. e5 Nfd7 6. h4 h6 7. Bxe7 Qxe7 8. Qd2 {[%emt 0:00:12] C14: French: Classical System: 4 Bg5 Be7 main line.} O-O 9. f4 c5 10. Nf3 {[%emt 0:00:06] White has an edge.} Nc6 11. O-O-O cxd4 12. Nxd4 {[%emt 0:00:42] [#]} Nc5 $146 ({Predecessor:} 12... f6 13. exf6 Qxf6 14. g3 Nxd4 15. Qxd4 Qxd4 16. Rxd4 Nf6 17. Bd3 Bd7 18. Rg1 Bc6 {½-½ (40) Ma,Q (2613)-Zvjaginsev,V (2649) China 2014}) 13. g3 Bd7 14. Bg2 b5 15. g4 (15. Ncxb5 $14 Nxd4 16. Nxd4) 15... Na4 (15... Nxd4 $11 16. Qxd4 Rfc8) 16. Nce2 (16. Ncxb5 $2 Rab8 17. Bf1 a6 $19) 16... Rfc8 17. g5 h5 18. Rhe1 (18. Nxc6 $16 Bxc6 19. Rhe1) 18... b4 19. Kb1 (19. Nxc6 $14 Rxc6 20. Nd4) 19... Na5 $17 20. b3 {[%emt 0:03:22] Against Nc4} Nc3+ 21. Ka1 ({White must play} 21. Nxc3 $15 bxc3 22. Qc1) 21... Nxd1 $19 22. Qxd1 Nc6 $1 23. Nxc6 (23. f5 $17) 23... Rxc6 24. Nd4 Rc7 25. Qxh5 g6 ({Black should play} 25... a5 $17 {Threatens to win with ...Qc5.} 26. g6 fxg6 27. Qxg6 Rf8) 26. Qd1 $1 $15 a5 27. h5 a4 $1 {[%emt 0:00:40] Strongly threatening ...Qc5.} 28. hxg6 fxg6 29. Kb1 (29. Qd3 $15 Qf7 30. Rf1) 29... axb3 $17 30. cxb3 Qc5 31. Qd3 Kg7 (31... Kf8 32. Rh1 Kf7 33. Rh7+ Kf8 34. Rh1 $16) 32. Bh3 Qb6 {[%emt 0:02:48] The board is on fire.} 33. Bg4 (33. Qe3 $17 {might work better.} Qa6 34. Qd2) 33... Rc3 $19 34. Qd2 Qa6 $2 ({Better is} 34... Bb5 $19 {And now ...Bd3+ would win.} 35. Nxb5 (35. Nxe6+ $2 Kg8 $19) 35... Qxb5) 35. Be2 $36 {[%emt 0:01:41][%mdl 2048] White has good play.} Qb6 (35... Qa7 $11) 36. Bg4 $19 Rh8 (36... Bb5 $19 {has better winning chances.} 37. Nxb5 (37. Nxe6+ $2 Kg8 $19) 37... Qxb5) 37. Rd1 Kf7 38. Bf3 $2 (38. Qg2 $1 $15) 38... Ke7 $2 (38... Bb5 $19 39. Nxb5 Qxb5) 39. Qf2 (39. f5 $15 Rh4 40. fxe6 Bxe6 41. Nxe6 Qxe6 42. Bxd5 Qf5+ 43. Kb2) 39... Qc5 $17 {[%emt 0:00:16] Hoping for ...Rc8.} 40. Be2 Rc8 ({Black should try} 40... Rhh3 $17 {[%cal Oc3b3] aiming for ...Rxb3+!} 41. Qg1 Ke8) 41. Qe1 (41. Qg1 $15) 41... Rh8 42. Qf2 $1 Rhh3 {[%emt 0:02:01][%cal Oc3b3] Inhibits Bd3.} 43. Bg4 $2 {[%emt 0:08:45] [#]} (43. Qg1) 43... Rh8 $2 (43... Rxb3+ $3 $19 {[%mdl 512] and Black stays clearly on top.} 44. axb3 Rxb3+ 45. Ka2 (45. Ka1 $2 {is a self mate.} Qc3+ 46. Ka2 Ra3+ 47. Kb1 Ra1#) 45... Qa7+ 46. Kxb3 Qa3+ 47. Kc2 Qa2+ 48. Kd3 Qxf2) 44. Be2 $1 Qc7 (44... Kf7 $17 {...Rch3 is the strong threat.} 45. Bg4 Kg8) 45. Bf1 {[%emt 0:01:53] Inhibits Rch3.} (45. Bf3 $15) 45... Rc8 (45... Rh1 $1 $17 {White must now prevent ...Rch3.} 46. Qd2 Qc5) 46. Qd2 (46. Qe1 $1 $11 {keeps the balance.}) 46... Qc5 47. Ba6 (47. Qb2 $15) 47... Ra8 (47... Rh8 $142 $1 48. Bf1 Rh1) 48. Bf1 Rf8 (48... Rh8 $1 $17 49. Qg2 Be8) 49. Qf2 (49. Qh2 $11) 49... Qc7 $2 (49... Rc8 $17 {( -> ...Rc1+)} 50. Qd2 Rh8) 50. Qd2 {[%emt 0:00:07] Inhibits Rc1+.} (50. Qh2 $1 $14) 50... Kd8 (50... Rh8 $11) 51. Bd3 $1 $16 {[%emt 0:00:44][%mdl 1024] White has strong compensation.} Rg8 52. Qh2 (52. Ne2 $16) 52... Qb6 $1 $11 53. Bc2 Qc5 54. Qh7 Qf8 55. Bxg6 Qg7 (55... Rh8 $1 $14 56. Qf7 Qxf7 57. Bxf7 Ke7) 56. Qxg7 $1 $16 Rxg7 57. Bc2 (57. Bd3 $16) 57... Rh3 $11 58. Rf1 Ke7 59. Bd1 (59. g6 $11 {remains equal.} Rh4 60. f5 $1 exf5 61. Nxf5+ Bxf5 62. Bxf5) 59... Rh4 $1 $17 ({Of course not} 59... Rd3 $6 60. Nc2 $11) 60. Nc2 {[%emt 0:00:42] [#]} (60. Rf2 $17 {was necessary.}) 60... Bb5 $1 $19 61. Rf2 Bd3 62. Kb2 Bxc2 63. Bxc2 {[%emt 0:00:49][%mdl 4096] Endgame [#] KRR-KRB} Rf7 $1 64. f5 exf5 65. g6 Rf8 66. Bxf5 $2 (66. g7 {was the only chance.} Rg8 67. Bxf5) 66... Rg4 67. Rf1 (67. Bxg4 $142 Rxf2+ 68. Ka1) 67... Rg2+ {[%emt 0:00:09] Black is clearly winning.} 68. Kb1 Rg5 69. g7 Rxg7 70. Kc2 Rgf7 {[%emt 0:00:06] Weighted Error Value: White=0.57/Black=0.45} 0-1

[Event "FRA-ch Teams Top 16-B 2022"]
[Site "Chartres"]
[Date "2022.06.10"]
[Round "2.22"]
[White "Riff, Jean-Noel"]
[Black "Le Pen, Steven"]
[Result "1-0"]
[ECO "B51"]
[WhiteElo "2444"]
[BlackElo "2090"]
[Annotator "TA"]
[PlyCount "53"]
[EventDate "2022.06.09"]
[EventType "team-tourn"]
[EventCountry "FRA"]
[SourceTitle "playchess.com"]
[Source "ChessBase"]
[SourceQuality "1"]
[TimeControl "40/5400+30:1800+30"]

1. e4 c5 2. Nf3 d6 3. Bb5+ Nd7 4. O-O Ngf6 5. Re1 a6 6. Bf1 b6 7. d4 {[%emt 0:00:10] 7.c4 is the hot move.} cxd4 8. Nxd4 Bb7 9. c4 {[%emt 0:00:26] B51: Sicilian: Moscow Variation (3 Bb5+) without 3...Bd7.} Nxe4 10. f3 $1 Nef6 11. Nf5 {[%emt 0:00:22][%csl Gd1][%cal Rf5d6] [#] White is more active. White is better.} e6 12. Nxd6+ Bxd6 13. Qxd6 Nc5 {[%emt 0:09:30] [#]} 14. Qg3 $146 ({Predecessor:} 14. Qxd8+ Rxd8 15. Be3 O-O 16. Nc3 a5 17. a3 Bc6 18. b4 Ncd7 19. b5 Ba8 20. Na4 Rb8 21. Rad1 Rfd8 22. Bxb6 {1-0 (22) Oratovsky,M (2501)-Alonso Alvarez,A (2286) Gijon 2017}) 14... Qd4+ (14... O-O $16) 15. Be3 $18 Qxb2 16. Nd2 O-O 17. Rab1 Qxa2 18. Rxb6 Rfc8 (18... Qa5 {might work better.} 19. Qd6 Nfd7) 19. Reb1 {[%emt 0:04:14] Threatens to win with Bxc5.} Bc6 20. Qd6 ({Inferior is} 20. Bxc5 Qxd2 21. R6b2 Qh6 $11) 20... Ba4 (20... Nb7 21. Rxb7 Bxb7) 21. Bxc5 {[%emt 0:01:50] [#] And now R6b2 would win.} Rxc5 22. Qxc5 Qxd2 23. Rb8+ Rxb8 24. Rxb8+ Ne8 25. Qf2 Qxf2+ (25... Qf4) 26. Kxf2 Kf8 27. c5 {[%emt 0:00:46] White took control after the opening.  Weighted Error Value: White=0.35/Black=0.53} 1-0

[Event "FRA-ch Teams Top 16-B 2022"]
[Site "Chartres"]
[Date "2022.06.10"]
[Round "2.23"]
[White "Prodhomme, Boris"]
[Black "Sokolov, Andrei"]
[Result "0-1"]
[ECO "E46"]
[WhiteElo "2045"]
[BlackElo "2516"]
[Annotator "TA"]
[PlyCount "108"]
[EventDate "2022.06.09"]
[EventType "team-tourn"]
[EventCountry "FRA"]
[SourceTitle "playchess.com"]
[Source "ChessBase"]
[SourceQuality "1"]
[TimeControl "40/5400+30:1800+30"]

1. d4 Nf6 2. c4 e6 3. Nc3 Bb4 4. e3 O-O 5. Nge2 d5 6. a3 Be7 7. cxd5 exd5 8. Nf4 c6 9. Bd3 Re8 10. O-O Bd6 11. f3 {[%emt 0:03:33] E46: Nimzo-Indian: Rubinstein: 4 e3 0-0 5 Ne2 without early Bd3.} Qc7 12. h3 Bxf4 13. exf4 {[%emt 0:00:13] [#] White is slightly better.} Nbd7 $146 ({Predecessor:} 13... Bd7 14. b4 Nh5 15. Ne2 a5 16. Bd2 axb4 17. axb4 Rxa1 18. Qxa1 Na6 19. Qc3 g6 {1-0 (40) Parol,P (2085)-Zhuk,I (1959) Krakow 2017}) 14. g4 Nf8 15. Ne2 b6 16. Qe1 a5 17. Qf2 Ba6 18. Bxa6 Rxa6 19. f5 Ra7 20. Bd2 Qc8 21. Rac1 Qa6 22. Ng3 Qb5 23. Bf4 Raa8 24. Rc2 Rac8 25. Rfc1 N6d7 26. Bd6 {[%emt 0:11:28] Inhibits c5.} h6 (26... c5 $142) 27. Kg2 (27. b4 $142) 27... Nh7 28. h4 a4 (28... c5 $16) 29. Ne2 c5 30. Nf4 ({Weaker is} 30. dxc5 bxc5 31. Bh2 Nhf6 $11) 30... c4 31. Nd3 $4 {[%emt 0:01:49][%mdl 8192] [#]} Qc6 $2 {[%emt 0:02:02] [#]} (31... Rc6 $1 $19 32. Be5 f6) 32. Bf4 ({White should try} 32. Qg3 $1 $16) 32... Qb7 33. Nb4 Nb8 (33... h5 $1 $14) 34. Rd1 ({Better is} 34. Re1 $16) 34... Qd7 35. Re2 (35. Bxb8 $16 Rxb8 36. Re1) 35... Nc6 36. Nxc6 Qxc6 37. Bd2 Rxe2 38. Qxe2 Re8 39. Qf2 Nf6 40. Re1 Qd7 41. Rxe8+ Qxe8 $11 {[%emt 0:02:51][%mdl 4096] Endgame KQB-KQN} 42. g5 hxg5 43. hxg5 Nd7 44. Kf1 Nb8 45. Qh4 {[%emt 0:00:00][%cal Og5g6] Threatens to win with g6!} Nc6 46. Qg4 Qd7 {[%emt 0:00:00] Hoping for ...Ne7.} 47. Qf4 Ne7 48. Qb8+ $1 Qc8 49. Qxc8+ (49. Qe5 $11 {and White stays safe.} Nxf5 50. Qxd5) 49... Nxc8 {[%emt 0:03:00] KB-KN} 50. Bb4 Na7 51. Bd6 $2 (51. Ke2 {was called for.}) 51... Nb5 $19 52. Be5 (52. Bf4 Nxd4 53. Be3 Nxf5 54. Bxb6) 52... c3 {[%emt 0:00:00] Black is clearly winning.} 53. bxc3 Nxa3 {[%emt 0:00:00] aiming for ...Nc4.} 54. Ke2 Nc4 {[%emt 0:00:00] Quite a comeback for Black.  Weighted Error Value: White=0.57/Black=0.24 (precise)} 0-1